 Dungeon Crawl Stone Soup version 0.31-a0-620-gd1cbd99268 (webtiles) character file.

Game seed: 1745611204904821839

222 Dittersdorf the Covered (level 5, -9/34 HPs)
             Began as a Gargoyle Fighter on Aug 23, 2023.
             Mangled by an iguana (11 damage)
             ... on level 5 of the Dungeon.
             The game lasted 00:03:34 (2089 turns).

Dittersdorf the Covered (Gargoyle Fighter)          Turns: 2089, Time: 00:03:34

Health: -9/34      AC: 11    Str: 21    XL:     5   Next: 99%
Magic:  5/5        EV:  8    Int:  9    God:
Gold:   92         SH:  8    Dex:  9    Spells: 4/4 levels left

rFire   . . .        a - +1 flail
rCold   . . .        g - +0 kite shield
rNeg    + . .        b - +0 scale mail
rPois   ∞            (no helmet)
rElec   +            (no cloak)
rCorr   .            (no gloves)
SInv    .            (no boots)
Will    .....        n - amulet of faith Stlth
                     (no ring)
HPRegen 0.25/turn    (no ring)
MPRegen 0.09/turn

%: faith
@: no status effects
A: sickness immunity, AC +4, negative energy resistance 1, electricity
resistance, torment resistance 1, petrification resistance
a: no special abilities


You were on level 5 of the Dungeon.
You visited 1 branch of the dungeon, and saw 5 of its levels.

You collected 92 gold pieces.

Inventory:

Hand Weapons
 a - a +1 flail (weapon)
Armour
 b - a +0 scale mail (worn)
 g - a +0 kite shield (worn)
Jewellery
 n - an amulet of faith (around neck)
Scrolls
 i - a scroll of fear
Potions
 d - a potion of might
 e - 2 potions of mutation {unknown}
 f - a potion of brilliance {unknown}
 h - a potion of heal wounds {unknown}
 l - a potion of cancellation {unknown}
 o - a potion of invisibility


   Skills:
 + Level 4.5 Fighting
 + Level 3.4 Maces & Flails
 + Level 4.5 Armour
 + Level 4.4 Shields


You had 4 spell levels left.
You didn't know any spells.
Your spell library contained the following spells:

 Spells                   Type           Power      Damage    Failure   Level
 Call Canine Familiar     Summ           0%         N/A       100%        3
 Passage of Golubria      Tloc           0%         N/A       100%        4
 Silence                  Hex/Air        0%         N/A       100%        5
 Summon Forest            Summ/Tloc      0%         N/A       100%        5
 Lehudib's Crystal Spear  Conj/Erth      0%         10d2      100%        8


Dungeon Overview and Level Annotations

Branches:
Dungeon (6/15)
 Temple: D:4-7

Altars:
Nemelex Xobeh

Annotations:
D:2 1 runed translucent door, Crazy Yiuf


Innate Abilities, Weirdness & Mutations

You are immune to sickness and miasma.
Your stone body is resilient. (AC +4)
You are immune to poison.
You resist negative energy. (rN+)
You are resistant to electric shocks. (rElec)
You are resistant to unholy torment.
You are immune to petrification.


Message History

The gnoll shouts!
The iguana hisses angrily.
The gnoll attacks as it pursues you!
The gnoll hits you from afar with a +0 spear.
The ogre attacks as it pursues you!
The ogre hits you with a +0 giant spiked club!
There is an open door here.
There is a stone staircase leading down here.
You climb downwards.
There is a stone staircase leading up here.
You start resting.
HP restored.
You climb upwards.
The iguana bites you but does no damage.
You block the ogre's attack. You block the gnoll's attack.
There is a stone staircase leading down here.
The iguana bites you! The gnoll hits you but does no damage.
The ogre barely misses you.
You climb downwards.
There is a stone staircase leading up here.
The iguana bites you but does no damage.
You see here a +0 club.
The iguana attacks as it pursues you!
The iguana bites you but does no damage.
The iguana attacks as it pursues you! You block the iguana's attack.
You see here a hound skeleton.
You block the iguana's attack.
There is a stone staircase leading up here.
The iguana bites you!
You climb upwards.
There is a stone staircase leading down here.
The gnoll hits you but does no damage.
You barely miss the gnoll. The gnoll barely misses you.
The gnoll hits you with a +0 club. The gnoll hits you with a +0 flail!
* * * LOW HITPOINT WARNING * * *
The iguana bites you.
* * * LOW HITPOINT WARNING * * *
The gnoll hits you with a +0 flail.
* * * LOW HITPOINT WARNING * * *
The iguana attacks as it pursues you! The iguana bites you!
You die...

******** *,,,,,,, *,,,,,,,
*,,,,,,, **,,,,,,, ###
*....,,,, #######.# *....,,,,
####.....@.# *,..#****
#.......l#.# *,..#
#......g.#.# **#.#
#.......g#'### #.#
#............#######.#####
***#...)..>.....'.g..........
*,,+............#######.####.
*,*#.............######.# #.
*,*#).......####..#####.# #.


You could see an iguana and 2 gnolls.

Vanquished Creatures
  A howler monkey (D:6)
  A hound (D:6)
  A gnoll bouda (D:6)
  4 gnolls
  An adder (D:2)
  An ufetubus (D:6)
  A worm (D:2)
  3 dart slugs (D:1)
  An orc (D:3)
  5 endoplasms
  A giant cockroach (D:2)
  9 goblins
  11 hobgoblins
  4 jackals (D:2)
  4 kobolds
  2 quokkas
  9 ball pythons
  5 bats
  A frilled lizard (D:1)
  3 rats
68 creatures vanquished.

Notes
Turn   | Place    | Note
-------+----------+-------------------------------------------
     0 | D:1      | Dittersdorf the Gargoyle Fighter began the quest for the
                  | Orb.
     0 | D:1      | Reached XP level 1. HP: 14/14 MP: 1/1
    62 | D:1      | Reached XP level 2. HP: 19/19 MP: 2/2
   328 | D:1      | Reached XP level 3. HP: 23/23 MP: 3/3
   857 | D:2      | Reached XP level 4. HP: 12/29 MP: 4/4
   936 | D:2      | Got the Anthology of Formation
   960 | D:2      | Noticed an eye of devastation
  1026 | D:2      | Found a runed translucent door.
  1027 | D:2      | Noticed Crazy Yiuf
  1045 | D:2      | Noticed a golden eye
  1050 | D:2      | Found a faded altar of an unknown god.
  1052 | D:2      | Noticed a golden eye
  1062 | D:2      | Noticed a great orb of eyes
  1665 | D:3      | You fall into a shaft and drop 3 floors!
  1670 | D:6      | Found a sparkling altar of Nemelex Xobeh.
  1714 | D:6      | Reached XP level 5. HP: 29/33 MP: 5/5
  1731 | D:5      | Entered Level 5 of the Dungeon
  2015 | D:5      | Noticed an ogre
  2089 | D:5      | Mangled by an iguana

Illustrated notes

Levels and vault maps discovered:
D:1:      dpeg_arrival_shelter, layout_loops_ring
D:2:      layout_basic, hellmonk_ecumenical_altar_watching_god,
          minmay_goblin_kobold_house, uniq_crazy_yiuf_cottage
D:3:      layout_basic, nicolae_overflow_hidden_temple, grunt_decor_one_mirror,
          dk_noncrumbling_2
D:5:      layout_basic, gammafunk_ghost_arena, chequers_serial_rivers_room_b,
          minmay_mini_ossuary
D:6:      nicolae_cairo_tiling_large_dashed, layout_basic,
          nicolae_vehumet_radiance, elyvilon_altar_4,
          nemelex_xobeh_ov_fountains_minmay, minmay_misc_feat_x, st_stairs_2,
          uniq_duvessa

Skill      XL: |  1  2  3  4 |
---------------+-------------+-----
Armour         | 4 |  4.5
Fighting       | 4 |  4.5
Shields        | 4 |  4.4
Maces & Flails | 3 |  3.4

Action                     |  1- 3 |  4- 6 || total
---------------------------+-------+-------++-------
  Melee: Flail             |    84 |   129 ||   213
    Use: Scroll            |       |     6 ||     6
 Armour: Scale mail        |    61 |    70 ||   131
  Dodge: Dodged            |    46 |    64 ||   110
  Block: Buckler           |     8 |       ||     8
         Kite shield       |    48 |    70 ||   118

Table legend: (Time is in decaauts)
 A = Elapsed time spent in this place.
 B = Non-inter-level travel time spent in this place.
 C = Inter-level travel time spent in this place.
 D = Time resting spent in this place.
 E = Time spent auto-exploring this place.
 F = Levels seen in this place.
 G = Mean time per level.
                   A        B        C        D        E       F      G
               +--------+--------+--------+--------+--------+-----+--------+
         Total |   2176 |   2110 |     66 |    176 |   1355 |   5 |  435.2 |
       Dungeon |   2176 |   2110 |     66 |    176 |   1355 |   5 |  435.2 |
               +--------+--------+--------+--------+--------+-----+--------+

Top non-repeatable levels by time:
     D:1: 846 daAuts
     D:2: 826 daAuts
     D:6: 307 daAuts
     D:5: 137 daAuts
     D:3: 59 daAuts
